3008 views
Uploaded 2020-03-18 22:13:24
Game version 1.32.3
21:50 long 4on4 ladder game on (8)TwilightRuins_LV
Saved by BEARAND
3008 views
Uploaded 2020-03-18 22:13:24
Game version 1.32.3
21:50 long 4on4 ladder game on (8)TwilightRuins_LV


92 units @ 9k
/ 0.3k
337 buildings @ 17.2k
/ 8.8k


| Rod of Necromancy | 1 | 150 |
| Orb of Corruption | 2 | 750 |
| Staff of Teleportation | 2 | 300 |
| Staff of Sanctuary | 2 | 500 |
| Claws of Attack +12 | 2 | 1000 |
| Ancient Janggo of Endurance | 1 | 500 |
| total: | 10 | 3200g |
| Acolyte | 7 | 525 | / | 0 |
| Ghoul | 21 | 2520 | / | 0 |
| total: | 28 | 3045g | / | 0w |
| Altar of Darkness | 1 | 180 | / | 50 |
| Crypt | 1 | 200 | / | 50 |
| Ziggurat | 4 | 600 | / | 200 |
| Tomb of Relics | 5 | 650 | / | 150 |
| Graveyard | 3 | 645 | / | 0 |
| Slaughterhouse | 1 | 140 | / | 135 |
| Halls of the Dead | 1 | 320 | / | 210 |
| Black Citadel | 1 | 325 | / | 230 |
| total: | 15 | 2415g | / | 585w |
| 0:01 | Acolyte |
| 0:06 | Altar of Darkness |
| 0:12 | Crypt |
| 0:14 | Acolyte |
| 0:33 | Ziggurat |
| 0:55 | Ziggurat |
| 1:15 | Ghoul |
| 1:23 | Ghoul |
| 1:30 | Tomb of Relics |
| 1:46 | Ghoul |
| 2:07 | Ghoul |
| 2:22 | Death Coil |
| 2:27 | Ghoul |
| 2:38 | Rod of Necromancy |
| 3:06 | Ghoul |
| 3:16 | Ghoul |
| 3:28 | Ghoul |
| 3:44 | Ziggurat |
| 3:59 | Acolyte |
| 4:19 | Acolyte |
| 4:36 | Unholy Aura |
| 4:53 | Ghoul |
| 4:53 | Ghoul |
| 5:00 | Acolyte |
| 5:00 | Acolyte |
| 5:00 | Acolyte |
| 5:26 | Ghoul |
| 6:07 | Halls of the Dead |
| 6:30 | Death Coil |
| 7:32 | Ziggurat |
| 8:22 | Ghoul |
| 8:23 | Ghoul |
| 10:09 | Ghoul |
| 10:09 | Ghoul |
| 10:43 | Ghoul |
| 10:43 | Black Citadel |
| 10:54 | Staff of Teleportation |
| 11:06 | Ghoul |
| 11:07 | Ghoul |
| 11:10 | Frost Nova |
| 11:26 | Ghoul |
| 11:41 | Ghoul |
| 12:11 | Ghoul |
| 12:38 | Unholy Aura |
| 12:44 | Graveyard |
| 13:11 | Tomb of Relics |
| 13:23 | Graveyard |
| 13:25 | Graveyard |
| 13:32 | Orb of Corruption |
| 13:34 | Staff of Sanctuary |
| 13:53 | Staff of Teleportation |
| 14:12 | Tomb of Relics |
| 14:13 | Tomb of Relics |
| 14:14 | Tomb of Relics |
| 14:48 | Claws of Attack +12 |
| 14:54 | Frost Armor |
| 15:13 | Ghoul Frenzy |
| 17:00 | Slaughterhouse |
| 17:08 | Claws of Attack +12 |
| 17:46 | Staff of Sanctuary |
| 18:10 | Ancient Janggo of Endurance |
| 20:37 | Orb of Corruption |
| 21:40 | Frost Nova |
| Right click | 1224 |
| Select | 726 |
| Select group | 319 |
| Assign group | 136 |
| Resource trade | 120 |
| Build/train/purchase | 57 |
| Use ability | 40 |
| Misc. action | 17 |
| Item give/drop | 12 |
| Minimap ping | 8 |



| Staff of Sanctuary | 3 | 750 |
| Scroll of Regeneration | 1 | 100 |
| Boots of Speed | 3 | 750 |
| Staff of Teleportation | 3 | 450 |
| Orb of Corruption | 3 | 1125 |
| Khadgar's Pipe of Insight | 1 | 500 |
| Medallion of Courage | 1 | 500 |
| total: | 15 | 4175g |
| Peasant | 15 | 1125 | / | 0 |
| Priest | 1 | 135 | / | 10 |
| Sorceress | 1 | 155 | / | 20 |
| total: | 17 | 1415g | / | 30w |
| Scout Tower | 105 | 3150 | / | 2100 |
| Arcane Tower | 6 | 420 | / | 300 |
| Guard Tower | 41 | 2870 | / | 2050 |
| Altar of Kings | 1 | 180 | / | 50 |
| Lumber Mill | 1 | 120 | / | 0 |
| Farm | 5 | 400 | / | 100 |
| Arcane Vault | 4 | 520 | / | 120 |
| Town Hall | 1 | 385 | / | 205 |
| Arcane Sanctum | 1 | 150 | / | 140 |
| Keep | 1 | 320 | / | 210 |
| Castle | 1 | 360 | / | 210 |
| total: | 118 | 4905g | / | 2715w |
| 0:01 | Peasant |
| 0:03 | Altar of Kings |
| 0:07 | Peasant |
| 0:24 | Lumber Mill |
| 0:25 | Peasant |
| 0:35 | Peasant |
| 0:36 | Farm |
| 0:42 | Peasant |
| 0:54 | Peasant |
| 1:08 | Scout Tower |
| 1:15 | Peasant |
| 1:20 | Farm |
| 1:32 | Scout Tower |
| 1:33 | Scout Tower |
| 1:33 | Peasant |
| 1:44 | Arcane Tower |
| 1:48 | Peasant |
| 1:54 | Scout Tower |
| 2:02 | Peasant |
| 2:13 | Storm Bolt |
| 2:14 | Arcane Tower |
| 2:20 | Peasant |
| 2:23 | Guard Tower |
| 2:24 | Scout Tower |
| 2:26 | Scout Tower |
| 2:27 | Scout Tower |
| 2:30 | Peasant |
| 2:40 | Peasant |
| 2:50 | Guard Tower |
| 2:51 | Guard Tower |
| 2:56 | Scout Tower |
| 2:56 | Scout Tower |
| 2:58 | Improved Masonry |
| 2:59 | Peasant |
| 3:06 | Peasant |
| 3:12 | Scout Tower |
| 3:13 | Scout Tower |
| 3:23 | Guard Tower |
| 3:24 | Scout Tower |
| 3:25 | Scout Tower |
| 3:45 | Thunder Clap |
| 3:50 | Guard Tower |
| 4:07 | Scout Tower |
| 4:15 | Keep |
| 4:22 | Scout Tower |
| 4:58 | Boots of Speed |
| 4:59 | Staff of Teleportation |
| 5:01 | Guard Tower |
| 5:02 | Scout Tower |
| 5:02 | Scout Tower |
| 5:13 | Arcane Tower |
| 5:30 | Guard Tower |
| 5:30 | Guard Tower |
| 5:31 | Guard Tower |
| 5:32 | Scout Tower |
| 5:46 | Guard Tower |
| 5:48 | Farm |
| 5:51 | Arcane Vault |
| 5:56 | Guard Tower |
| 5:58 | Scout Tower |
| 5:59 | Scout Tower |
| 6:00 | Storm Bolt |
| 6:05 | Guard Tower |
| 6:07 | Arcane Vault |
| 6:08 | Scout Tower |
| 6:09 | Scout Tower |
| 6:10 | Scout Tower |
| 6:10 | Scout Tower |
| 7:02 | Guard Tower |
| 7:05 | Scout Tower |
| 7:45 | Holy Light |
| 7:46 | Castle |
| 8:09 | Boots of Speed |
| 8:16 | Staff of Teleportation |
| 8:21 | Advanced Masonry |
| 8:21 | Improved Lumber Harvesting |
| 8:22 | Guard Tower |
| 8:23 | Scout Tower |
| 8:24 | Scout Tower |
| 8:25 | Scout Tower |
| 8:25 | Scout Tower |
| 9:04 | Guard Tower |
| 9:05 | Scout Tower |
| 9:06 | Scout Tower |
| 9:07 | Scout Tower |
| 9:07 | Scout Tower |
| 9:08 | Scout Tower |
| 9:08 | Scout Tower |
| 10:02 | Scout Tower |
| 10:02 | Scout Tower |
| 10:03 | Scout Tower |
| 10:03 | Scout Tower |
| 10:04 | Scout Tower |
| 10:04 | Scout Tower |
| 10:12 | Guard Tower |
| 10:14 | Arcane Sanctum |
| 10:47 | Arcane Vault |
| 10:53 | Farm |
| 10:58 | Advanced Lumber Harvesting |
| 10:58 | Imbued Masonry |
| 11:04 | Arcane Vault |
| 11:10 | Scout Tower |
| 11:10 | Scout Tower |
| 11:13 | Scout Tower |
| 11:14 | Scout Tower |
| 11:14 | Scout Tower |
| 11:15 | Scout Tower |
| 11:25 | Staff of Sanctuary |
| 11:29 | Staff of Sanctuary |
| 11:34 | Magic Sentry |
| 11:34 | Guard Tower |
| 11:40 | Scroll of Regeneration |
| 11:47 | Arcane Tower |
| 11:48 | Guard Tower |
| 12:11 | Healing Spray |
| 12:17 | Guard Tower |
| 12:18 | Scout Tower |
| 12:18 | Scout Tower |
| 12:25 | Scout Tower |
| 12:26 | Scout Tower |
| 12:26 | Scout Tower |
| 12:26 | Scout Tower |
| 12:27 | Scout Tower |
| 12:27 | Scout Tower |
| 12:35 | Scout Tower |
| 12:36 | Scout Tower |
| 12:38 | Scout Tower |
| 12:38 | Scout Tower |
| 12:54 | Bash |
| 13:20 | Guard Tower |
| 13:21 | Guard Tower |
| 13:28 | Divine Shield |
| 13:32 | Priest Adept Training |
| 13:32 | Priest |
| 13:34 | Guard Tower |
| 13:51 | Guard Tower |
| 14:08 | Guard Tower |
| 14:10 | Scout Tower |
| 14:10 | Scout Tower |
| 14:24 | Boots of Speed |
| 14:25 | Staff of Teleportation |
| 14:42 | Scout Tower |
| 14:55 | Guard Tower |
| 14:57 | Scout Tower |
| 14:57 | Scout Tower |
| 14:58 | Scout Tower |
| 14:58 | Scout Tower |
| 14:59 | Scout Tower |
| 14:59 | Scout Tower |
| 15:01 | Scout Tower |
| 15:01 | Scout Tower |
| 15:01 | Scout Tower |
| 15:02 | Scout Tower |
| 15:03 | Scout Tower |
| 15:04 | Scout Tower |
| 15:04 | Scout Tower |
| 15:06 | Scout Tower |
| 15:06 | Scout Tower |
| 15:07 | Scout Tower |
| 15:10 | Staff of Sanctuary |
| 15:18 | Guard Tower |
| 15:20 | Scout Tower |
| 15:20 | Scout Tower |
| 15:21 | Scout Tower |
| 15:24 | Farm |
| 15:25 | Guard Tower |
| 15:35 | Guard Tower |
| 15:50 | Orb of Corruption |
| 15:54 | Orb of Corruption |
| 15:57 | Orb of Corruption |
| 16:01 | Scout Tower |
| 16:01 | Scout Tower |
| 16:48 | Guard Tower |
| 16:52 | Scout Tower |
| 16:53 | Scout Tower |
| 16:53 | Guard Tower |
| 17:02 | Guard Tower |
| 17:05 | Scout Tower |
| 17:06 | Scout Tower |
| 17:12 | Scout Tower |
| 17:13 | Scout Tower |
| 17:14 | Guard Tower |
| 17:22 | Arcane Tower |
| 17:23 | Guard Tower |
| 17:58 | Guard Tower |
| 18:02 | Scout Tower |
| 18:03 | Guard Tower |
| 18:04 | Scout Tower |
| 18:04 | Scout Tower |
| 18:05 | Scout Tower |
| 18:05 | Scout Tower |
| 18:08 | Guard Tower |
| 18:17 | Town Hall |
| 18:25 | Scout Tower |
| 18:26 | Scout Tower |
| 18:28 | Scout Tower |
| 18:28 | Scout Tower |
| 18:31 | Scout Tower |
| 18:32 | Scout Tower |
| 18:44 | Priest Master Training |
| 18:45 | Sorceress Adept Training |
| 18:45 | Sorceress |
| 18:56 | Scout Tower |
| 18:56 | Scout Tower |
| 18:57 | Scout Tower |
| 18:57 | Scout Tower |
| 19:04 | Khadgar's Pipe of Insight |
| 19:19 | Guard Tower |
| 19:23 | Scout Tower |
| 19:52 | Medallion of Courage |
| 20:04 | Guard Tower |
| 20:07 | Arcane Tower |
| 20:08 | Guard Tower |
| 21:11 | Guard Tower |
| 21:23 | Chemical Rage |
| 21:55 | Guard Tower |
| Right click | 1303 |
| Select group | 795 |
| Select | 363 |
| Assign group | 314 |
| Chat | 218 |
| Build/train/purchase | 131 |
| Use ability | 71 |
| Misc. action | 22 |
| Item give/drop | 6 |
| Remove unit | 1 |
| Minimap ping | 1 |
⇛
TIMG4STRok
(22:12) : 


| Orb of Fire | 2 | 650 |
| Staff of Sanctuary | 3 | 750 |
| Circlet of Nobility | 2 | 350 |
| Staff of Teleportation | 3 | 450 |
| Boots of Speed | 3 | 750 |
| Periapt of Vitality | 1 | 325 |
| Orb of Corruption | 2 | 750 |
| Medallion of Courage | 1 | 500 |
| Claws of Attack +12 | 1 | 500 |
| total: | 18 | 5025g |
| Peasant | 22 | 1650 | / | 0 |
| Priest | 1 | 135 | / | 10 |
| Goblin Shredder | 1 | 375 | / | 100 |
| total: | 24 | 2160g | / | 110w |
| Scout Tower | 99 | 2970 | / | 1980 |
| Arcane Tower | 6 | 420 | / | 300 |
| Guard Tower | 34 | 2380 | / | 1700 |
| Altar of Kings | 1 | 180 | / | 50 |
| Farm | 5 | 400 | / | 100 |
| Lumber Mill | 3 | 360 | / | 0 |
| Town Hall | 1 | 385 | / | 205 |
| Arcane Vault | 3 | 390 | / | 90 |
| Blacksmith | 1 | 140 | / | 60 |
| Barracks | 1 | 160 | / | 60 |
| Arcane Sanctum | 1 | 150 | / | 140 |
| Gryphon Aviary | 2 | 280 | / | 300 |
| Keep | 1 | 320 | / | 210 |
| Castle | 1 | 360 | / | 210 |
| total: | 117 | 5415g | / | 2985w |
| 0:03 | Peasant |
| 0:03 | Peasant |
| 0:09 | Altar of Kings |
| 0:12 | Farm |
| 0:35 | Peasant |
| 0:35 | Peasant |
| 0:46 | Peasant |
| 0:58 | Peasant |
| 1:01 | Scout Tower |
| 1:04 | Peasant |
| 1:10 | Lumber Mill |
| 1:15 | Farm |
| 1:17 | Peasant |
| 1:30 | Scout Tower |
| 1:31 | Arcane Tower |
| 1:51 | Peasant |
| 1:52 | Peasant |
| 1:55 | Scout Tower |
| 2:02 | Arcane Tower |
| 2:11 | Blizzard |
| 2:16 | Peasant |
| 2:28 | Scout Tower |
| 2:29 | Guard Tower |
| 2:31 | Peasant |
| 3:00 | Guard Tower |
| 3:02 | Scout Tower |
| 3:04 | Peasant |
| 3:07 | Improved Masonry |
| 3:31 | Guard Tower |
| 3:35 | Scout Tower |
| 4:11 | Brilliance Aura |
| 4:19 | Town Hall |
| 4:30 | Scout Tower |
| 4:31 | Scout Tower |
| 4:32 | Scout Tower |
| 4:39 | Peasant |
| 4:39 | Peasant |
| 4:56 | Circlet of Nobility |
| 4:57 | Staff of Teleportation |
| 4:58 | Boots of Speed |
| 5:04 | Guard Tower |
| 5:19 | Guard Tower |
| 5:31 | Scout Tower |
| 5:35 | Guard Tower |
| 5:50 | Scout Tower |
| 6:00 | Arcane Tower |
| 6:08 | Peasant |
| 6:08 | Peasant |
| 6:20 | Guard Tower |
| 6:21 | Scout Tower |
| 6:26 | Scout Tower |
| 6:38 | Peasant |
| 6:39 | Peasant |
| 6:47 | Periapt of Vitality |
| 6:54 | Keep |
| 6:56 | Guard Tower |
| 6:58 | Peasant |
| 7:00 | Guard Tower |
| 7:07 | Scout Tower |
| 7:34 | Farm |
| 7:43 | Scout Tower |
| 7:43 | Scout Tower |
| 7:48 | Scout Tower |
| 7:48 | Scout Tower |
| 7:52 | Scout Tower |
| 7:52 | Scout Tower |
| 8:18 | Guard Tower |
| 8:22 | Scout Tower |
| 8:22 | Scout Tower |
| 8:25 | Arcane Tower |
| 8:30 | Guard Tower |
| 8:37 | Scout Tower |
| 8:59 | Blizzard |
| 9:09 | Guard Tower |
| 9:10 | Scout Tower |
| 10:15 | Guard Tower |
| 10:16 | Scout Tower |
| 10:17 | Castle |
| 10:43 | Lumber Mill |
| 10:46 | Scout Tower |
| 10:47 | Scout Tower |
| 10:48 | Scout Tower |
| 10:50 | Advanced Masonry |
| 10:50 | Improved Lumber Harvesting |
| 10:51 | Guard Tower |
| 10:53 | Scout Tower |
| 10:55 | Scout Tower |
| 11:02 | Scout Tower |
| 11:03 | Scout Tower |
| 11:10 | Peasant |
| 11:10 | Peasant |
| 11:29 | Goblin Shredder |
| 11:41 | Storm Bolt |
| 11:43 | Guard Tower |
| 12:04 | Guard Tower |
| 12:38 | Scout Tower |
| 12:38 | Scout Tower |
| 12:40 | Scout Tower |
| 12:48 | Arcane Vault |
| 12:49 | Arcane Vault |
| 12:50 | Arcane Vault |
| 12:53 | Lumber Mill |
| 12:55 | Arcane Sanctum |
| 12:58 | Imbued Masonry |
| 13:03 | Farm |
| 13:06 | Scout Tower |
| 13:07 | Scout Tower |
| 13:11 | Guard Tower |
| 13:22 | Guard Tower |
| 13:26 | Scout Tower |
| 13:26 | Scout Tower |
| 13:27 | Scout Tower |
| 13:28 | Scout Tower |
| 13:28 | Scout Tower |
| 13:29 | Scout Tower |
| 13:41 | Guard Tower |
| 13:46 | Scout Tower |
| 13:47 | Scout Tower |
| 13:59 | Holy Light |
| 14:02 | Orb of Fire |
| 14:02 | Staff of Sanctuary |
| 14:07 | Guard Tower |
| 14:08 | Magic Sentry |
| 14:14 | Guard Tower |
| 14:19 | Guard Tower |
| 14:20 | Scout Tower |
| 14:21 | Scout Tower |
| 14:22 | Scout Tower |
| 14:22 | Scout Tower |
| 14:23 | Scout Tower |
| 14:24 | Scout Tower |
| 14:36 | Priest |
| 14:36 | Priest Adept Training |
| 14:51 | Scout Tower |
| 14:52 | Scout Tower |
| 14:53 | Scout Tower |
| 14:58 | Scout Tower |
| 14:58 | Scout Tower |
| 15:02 | Arcane Tower |
| 15:16 | Scout Tower |
| 15:17 | Scout Tower |
| 15:18 | Scout Tower |
| 15:18 | Scout Tower |
| 15:20 | Scout Tower |
| 15:21 | Scout Tower |
| 15:22 | Scout Tower |
| 15:22 | Scout Tower |
| 15:23 | Scout Tower |
| 15:24 | Scout Tower |
| 15:25 | Scout Tower |
| 15:35 | Arcane Tower |
| 15:38 | Guard Tower |
| 15:46 | Guard Tower |
| 16:02 | Guard Tower |
| 16:05 | Guard Tower |
| 16:16 | Staff of Sanctuary |
| 16:25 | Orb of Fire |
| 16:25 | Staff of Sanctuary |
| 17:04 | Thunder Clap |
| 17:12 | Boots of Speed |
| 17:13 | Staff of Teleportation |
| 17:14 | Boots of Speed |
| 17:21 | Circlet of Nobility |
| 17:24 | Guard Tower |
| 17:26 | Scout Tower |
| 17:27 | Scout Tower |
| 17:28 | Scout Tower |
| 17:31 | Guard Tower |
| 17:36 | Scout Tower |
| 17:37 | Scout Tower |
| 17:38 | Scout Tower |
| 17:53 | Scout Tower |
| 17:54 | Scout Tower |
| 17:58 | Scout Tower |
| 18:00 | Scout Tower |
| 18:01 | Scout Tower |
| 18:03 | Scout Tower |
| 18:05 | Scout Tower |
| 18:24 | Guard Tower |
| 18:25 | Scout Tower |
| 18:26 | Scout Tower |
| 18:26 | Scout Tower |
| 18:27 | Scout Tower |
| 18:27 | Scout Tower |
| 18:34 | Divine Shield |
| 18:36 | Brilliance Aura |
| 18:42 | Medallion of Courage |
| 18:51 | Claws of Attack +12 |
| 19:04 | Orb of Corruption |
| 19:08 | Orb of Corruption |
| 19:23 | Guard Tower |
| 19:26 | Scout Tower |
| 19:32 | Scout Tower |
| 19:35 | Scout Tower |
| 19:35 | Scout Tower |
| 19:56 | Staff of Teleportation |
| 20:02 | Guard Tower |
| 20:13 | Farm |
| 20:16 | Blacksmith |
| 20:19 | Barracks |
| 20:25 | Gryphon Aviary |
| 20:25 | Gryphon Aviary |
| 20:37 | Guard Tower |
| 20:54 | Guard Tower |
| 21:12 | Guard Tower |
| 21:15 | Scout Tower |
| 21:16 | Scout Tower |
| 21:17 | Scout Tower |
| 21:18 | Scout Tower |
| 21:19 | Scout Tower |
| 21:20 | Scout Tower |
| 21:24 | Scout Tower |
| 21:25 | Scout Tower |
| 21:26 | Scout Tower |
| 21:27 | Scout Tower |
| Right click | 964 |
| Select group | 524 |
| Select | 271 |
| Build/train/purchase | 130 |
| Chat | 63 |
| Use ability | 53 |
| Misc. action | 31 |
| Resource trade | 16 |
| Assign group | 12 |
| Item give/drop | 10 |
| Minimap ping | 7 |
| Esc | 1 |
BEARAND
(22:13) : 


| Staff of Sanctuary | 3 | 750 |
| Potion of Healing | 1 | 150 |
| Scroll of Town Portal | 1 | 350 |
| Staff of Teleportation | 4 | 600 |
| Boots of Speed | 3 | 750 |
| Periapt of Vitality | 1 | 325 |
| Orb of Corruption | 2 | 750 |
| Pendant of Energy | 1 | 300 |
| total: | 16 | 3975g |
| Peasant | 18 | 1350 | / | 0 |
| Priest | 1 | 135 | / | 10 |
| Sorceress | 1 | 155 | / | 20 |
| Dragonhawk Rider | 2 | 400 | / | 60 |
| Goblin Shredder | 1 | 375 | / | 100 |
| total: | 23 | 2415g | / | 190w |
| Scout Tower | 72 | 2160 | / | 1440 |
| Arcane Tower | 11 | 770 | / | 550 |
| Guard Tower | 76 | 5320 | / | 3800 |
| Altar of Kings | 1 | 180 | / | 50 |
| Farm | 5 | 400 | / | 100 |
| Lumber Mill | 1 | 120 | / | 0 |
| Town Hall | 2 | 770 | / | 410 |
| Arcane Vault | 2 | 260 | / | 60 |
| Blacksmith | 1 | 140 | / | 60 |
| Barracks | 1 | 160 | / | 60 |
| Arcane Sanctum | 1 | 150 | / | 140 |
| Gryphon Aviary | 1 | 140 | / | 150 |
| Keep | 2 | 640 | / | 420 |
| Castle | 1 | 360 | / | 210 |
| total: | 87 | 4480g | / | 2470w |
| 0:01 | Peasant |
| 0:02 | Peasant |
| 0:07 | Altar of Kings |
| 0:09 | Peasant |
| 0:18 | Farm |
| 0:20 | Peasant |
| 0:30 | Lumber Mill |
| 0:35 | Peasant |
| 0:37 | Scout Tower |
| 0:53 | Peasant |
| 1:09 | Peasant |
| 1:19 | Farm |
| 1:22 | Scout Tower |
| 1:22 | Peasant |
| 1:34 | Peasant |
| 1:36 | Arcane Tower |
| 2:06 | Guard Tower |
| 2:21 | Scout Tower |
| 2:25 | Peasant |
| 2:26 | Peasant |
| 2:34 | Blizzard |
| 2:36 | Peasant |
| 2:51 | Arcane Tower |
| 2:52 | Scout Tower |
| 2:52 | Scout Tower |
| 3:09 | Peasant |
| 3:09 | Peasant |
| 3:44 | Guard Tower |
| 3:44 | Guard Tower |
| 3:46 | Scout Tower |
| 3:46 | Scout Tower |
| 3:47 | Peasant |
| 3:52 | Brilliance Aura |
| 3:58 | Peasant |
| 4:04 | Keep |
| 4:05 | Improved Masonry |
| 4:16 | Guard Tower |
| 4:49 | Guard Tower |
| 4:51 | Scout Tower |
| 4:51 | Scout Tower |
| 4:52 | Scout Tower |
| 4:52 | Scout Tower |
| 4:56 | Farm |
| 4:56 | Farm |
| 5:17 | Guard Tower |
| 5:58 | Guard Tower |
| 5:59 | Scout Tower |
| 6:00 | Scout Tower |
| 6:00 | Scout Tower |
| 6:01 | Scout Tower |
| 6:01 | Scout Tower |
| 6:09 | Town Hall |
| 6:13 | Town Hall |
| 6:18 | Scout Tower |
| 6:19 | Scout Tower |
| 6:19 | Scout Tower |
| 6:33 | Advanced Masonry |
| 7:15 | Arcane Tower |
| 7:16 | Guard Tower |
| 7:22 | Guard Tower |
| 7:25 | Blizzard |
| 7:31 | Storm Bolt |
| 7:36 | Improved Lumber Harvesting |
| 7:37 | Advanced Lumber Harvesting |
| 8:01 | Scout Tower |
| 8:03 | Scout Tower |
| 8:04 | Scout Tower |
| 8:04 | Scout Tower |
| 8:05 | Scout Tower |
| 8:29 | Guard Tower |
| 9:05 | Guard Tower |
| 10:31 | Castle |
| 10:33 | Guard Tower |
| 10:42 | Guard Tower |
| 10:44 | Peasant |
| 10:45 | Peasant |
| 11:11 | Guard Tower |
| 11:12 | Guard Tower |
| 11:12 | Guard Tower |
| 11:20 | Arcane Sanctum |
| 11:23 | Arcane Vault |
| 11:25 | Arcane Vault |
| 11:27 | Scout Tower |
| 11:28 | Scout Tower |
| 11:28 | Scout Tower |
| 11:29 | Scout Tower |
| 11:29 | Scout Tower |
| 11:30 | Scout Tower |
| 11:30 | Scout Tower |
| 11:31 | Scout Tower |
| 11:32 | Scout Tower |
| 11:32 | Scout Tower |
| 11:34 | Staff of Teleportation |
| 11:34 | Boots of Speed |
| 11:41 | Periapt of Vitality |
| 11:46 | Staff of Teleportation |
| 11:47 | Boots of Speed |
| 12:08 | Scout Tower |
| 12:09 | Scout Tower |
| 12:09 | Scout Tower |
| 12:10 | Scout Tower |
| 12:10 | Scout Tower |
| 12:20 | Goblin Shredder |
| 12:39 | Bash |
| 12:43 | Magic Sentry |
| 12:43 | Priest |
| 13:03 | Imbued Masonry |
| 13:07 | Guard Tower |
| 13:07 | Guard Tower |
| 13:09 | Guard Tower |
| 13:14 | Guard Tower |
| 13:23 | Staff of Sanctuary |
| 13:29 | Potion of Healing |
| 13:32 | Scroll of Town Portal |
| 13:34 | Guard Tower |
| 13:34 | Guard Tower |
| 13:42 | Guard Tower |
| 14:01 | Guard Tower |
| 14:02 | Guard Tower |
| 14:04 | Scout Tower |
| 14:04 | Scout Tower |
| 14:05 | Scout Tower |
| 14:05 | Scout Tower |
| 14:06 | Scout Tower |
| 14:06 | Scout Tower |
| 14:06 | Scout Tower |
| 14:13 | Guard Tower |
| 14:27 | Staff of Sanctuary |
| 14:34 | Orb of Corruption |
| 14:53 | Guard Tower |
| 14:56 | Guard Tower |
| 15:00 | Scout Tower |
| 15:01 | Scout Tower |
| 15:01 | Scout Tower |
| 15:04 | Scout Tower |
| 15:05 | Scout Tower |
| 15:05 | Scout Tower |
| 15:05 | Scout Tower |
| 15:07 | Holy Light |
| 15:09 | Guard Tower |
| 15:13 | Guard Tower |
| 15:25 | Staff of Sanctuary |
| 15:36 | Scout Tower |
| 15:36 | Scout Tower |
| 15:36 | Scout Tower |
| 15:51 | Boots of Speed |
| 16:08 | Guard Tower |
| 16:08 | Guard Tower |
| 16:15 | Guard Tower |
| 16:16 | Guard Tower |
| 16:17 | Sorceress |
| 16:17 | Sorceress Adept Training |
| 16:22 | Scout Tower |
| 16:22 | Scout Tower |
| 16:23 | Scout Tower |
| 16:23 | Scout Tower |
| 16:31 | Staff of Teleportation |
| 16:31 | Staff of Teleportation |
| 16:42 | Guard Tower |
| 16:57 | Guard Tower |
| 17:01 | Arcane Tower |
| 17:02 | Arcane Tower |
| 17:10 | Guard Tower |
| 17:12 | Arcane Tower |
| 17:12 | Guard Tower |
| 17:13 | Guard Tower |
| 17:40 | Guard Tower |
| 17:41 | Guard Tower |
| 17:43 | Scout Tower |
| 17:44 | Scout Tower |
| 17:45 | Scout Tower |
| 17:46 | Scout Tower |
| 17:48 | Guard Tower |
| 17:48 | Guard Tower |
| 17:50 | Gryphon Aviary |
| 17:51 | Blacksmith |
| 17:54 | Barracks |
| 17:56 | Farm |
| 18:17 | Guard Tower |
| 18:18 | Arcane Tower |
| 18:18 | Arcane Tower |
| 18:20 | Arcane Tower |
| 18:32 | Guard Tower |
| 19:00 | Scout Tower |
| 19:01 | Scout Tower |
| 19:24 | Dragonhawk Rider |
| 19:24 | Dragonhawk Rider |
| 20:05 | Guard Tower |
| 20:06 | Guard Tower |
| 20:08 | Scout Tower |
| 20:08 | Scout Tower |
| 20:21 | Iron Forged Swords |
| 20:21 | Studded Leather Armor |
| 20:21 | Animal War Training |
| 21:07 | Guard Tower |
| 21:08 | Guard Tower |
| 21:09 | Scout Tower |
| 21:10 | Scout Tower |
| 21:11 | Scout Tower |
| 21:11 | Scout Tower |
| 21:17 | Orb of Corruption |
| 21:42 | Pendant of Energy |
| Right click | 1662 |
| Select | 636 |
| Select group | 290 |
| Chat | 231 |
| Build/train/purchase | 173 |
| Use ability | 55 |
| Misc. action | 26 |
| Assign group | 22 |
| Resource trade | 16 |
| Minimap ping | 11 |
| Item give/drop | 5 |
| Remove unit | 1 |
185 units @ 23.5k
/ 3.1k
86 buildings @ 12.3k
/ 5.5k


| Scroll of Town Portal | 1 | 350 |
| total: | 1 | 350g |
| Peasant | 14 | 1050 | / | 0 |
| Rifleman | 9 | 1845 | / | 270 |
| Priest | 3 | 405 | / | 30 |
| Sorceress | 2 | 310 | / | 40 |
| Spell Breaker | 2 | 430 | / | 60 |
| total: | 30 | 4040g | / | 400w |
| Scout Tower | 9 | 270 | / | 180 |
| Guard Tower | 7 | 490 | / | 350 |
| Farm | 10 | 800 | / | 200 |
| Altar of Kings | 1 | 180 | / | 50 |
| Barracks | 2 | 320 | / | 120 |
| Blacksmith | 1 | 140 | / | 60 |
| Arcane Vault | 1 | 130 | / | 30 |
| Lumber Mill | 1 | 120 | / | 0 |
| Town Hall | 1 | 385 | / | 205 |
| Arcane Sanctum | 2 | 300 | / | 280 |
| Workshop | 2 | 280 | / | 280 |
| Keep | 1 | 320 | / | 210 |
| Castle | 1 | 360 | / | 210 |
| total: | 30 | 2925g | / | 1405w |
| 0:03 | Peasant |
| 0:03 | Peasant |
| 0:04 | Peasant |
| 0:04 | Peasant |
| 0:04 | Peasant |
| 0:04 | Peasant |
| 0:51 | Farm |
| 1:05 | Altar of Kings |
| 1:26 | Peasant |
| 1:26 | Peasant |
| 1:29 | Barracks |
| 1:36 | Farm |
| 1:47 | Peasant |
| 1:50 | Blacksmith |
| 2:07 | Barracks |
| 2:18 | Peasant |
| 2:19 | Peasant |
| 2:20 | Farm |
| 2:40 | Rifleman |
| 2:49 | Farm |
| 3:03 | Rifleman |
| 3:19 | Rifleman |
| 3:21 | Summon Water Elemental |
| 3:43 | Rifleman |
| 4:00 | Rifleman |
| 4:44 | Keep |
| 4:50 | Arcane Vault |
| 4:58 | Farm |
| 5:11 | Lumber Mill |
| 5:19 | Farm |
| 5:20 | Brilliance Aura |
| 6:09 | Summon Water Elemental |
| 7:11 | Arcane Sanctum |
| 7:15 | Arcane Sanctum |
| 7:19 | Town Hall |
| 7:24 | Scout Tower |
| 7:27 | Scout Tower |
| 7:32 | Long Rifles |
| 7:35 | Rifleman |
| 7:45 | Farm |
| 7:56 | Scout Tower |
| 7:57 | Guard Tower |
| 7:57 | Farm |
| 8:04 | Black Gunpowder |
| 8:09 | Storm Bolt |
| 8:31 | Priest |
| 8:36 | Scout Tower |
| 9:53 | Guard Tower |
| 9:55 | Peasant |
| 10:13 | Priest |
| 10:38 | Peasant |
| 10:52 | Rifleman |
| 11:00 | Studded Leather Armor |
| 11:02 | Improved Masonry |
| 11:06 | Peasant |
| 11:12 | Priest Adept Training |
| 11:42 | Sorceress |
| 11:45 | Rifleman |
| 11:56 | Rifleman |
| 12:25 | Sorceress |
| 12:29 | Brilliance Aura |
| 13:09 | Bash |
| 13:23 | Sorceress Adept Training |
| 13:24 | Spell Breaker |
| 13:26 | Castle |
| 13:27 | Refined Gunpowder |
| 13:30 | Farm |
| 13:33 | Farm |
| 13:42 | Scout Tower |
| 14:12 | Reinforced Leather Armor |
| 14:16 | Scout Tower |
| 14:16 | Scout Tower |
| 14:17 | Scout Tower |
| 14:18 | Scout Tower |
| 14:27 | Guard Tower |
| 14:54 | Guard Tower |
| 14:57 | Spell Breaker |
| 15:22 | Priest |
| 15:22 | Guard Tower |
| 16:08 | Priest Master Training |
| 16:26 | Guard Tower |
| 16:29 | Imbued Gunpowder |
| 17:28 | Dragonhide Armor |
| 17:30 | Advanced Masonry |
| 17:31 | Guard Tower |
| 17:56 | Iron Plating |
| 18:42 | Improved Lumber Harvesting |
| 18:51 | Workshop |
| 18:54 | Workshop |
| 19:20 | Imbued Masonry |
| 20:37 | Fragmentation Shards |
| 20:41 | Scroll of Town Portal |
| 21:21 | Steel Plating |
| 21:24 | Flare |
| Select group | 1002 |
| Right click | 876 |
| Select | 257 |
| Misc. action | 113 |
| Build/train/purchase | 76 |
| Assign group | 18 |
| Minimap ping | 16 |
| Use ability | 8 |
| Item give/drop | 6 |

| Healing Salve | 1 | 100 |
| total: | 1 | 100g |
| Peon | 13 | 975 | / | 0 |
| Grunt | 2 | 400 | / | 0 |
| Troll Headhunter | 14 | 1960 | / | 280 |
| Shaman | 10 | 1300 | / | 200 |
| Troll Berserker | 9 | 1260 | / | 180 |
| Demolisher | 7 | 1540 | / | 350 |
| total: | 55 | 7435g | / | 1010w |
| Watch Tower | 1 | 110 | / | 80 |
| Altar of Storms | 1 | 180 | / | 50 |
| Orc Burrow | 8 | 1280 | / | 320 |
| Barracks | 1 | 180 | / | 50 |
| War Mill | 1 | 205 | / | 0 |
| Voodoo Lounge | 1 | 130 | / | 30 |
| Great Hall | 1 | 385 | / | 185 |
| Spirit Lodge | 1 | 150 | / | 150 |
| Stronghold | 1 | 315 | / | 190 |
| Fortress | 1 | 325 | / | 190 |
| total: | 15 | 2620g | / | 865w |
| 0:06 | Peon |
| 0:06 | Peon |
| 0:09 | Altar of Storms |
| 0:29 | Orc Burrow |
| 0:37 | Peon |
| 0:41 | Barracks |
| 0:55 | Peon |
| 1:09 | Peon |
| 1:40 | Orc Burrow |
| 1:46 | War Mill |
| 1:52 | Grunt |
| 2:21 | Grunt |
| 2:29 | War Stomp |
| 2:41 | Orc Burrow |
| 3:20 | Watch Tower |
| 3:32 | Troll Headhunter |
| 3:32 | Troll Headhunter |
| 3:47 | Peon |
| 3:48 | Peon |
| 3:58 | Voodoo Lounge |
| 4:40 | Troll Headhunter |
| 4:45 | Stronghold |
| 5:19 | Orc Burrow |
| 5:23 | Steel Ranged Weapons |
| 5:28 | Troll Headhunter |
| 5:30 | Troll Headhunter |
| 5:46 | Endurance Aura |
| 5:48 | Troll Headhunter |
| 6:23 | Steel Armor |
| 6:59 | Endurance Aura |
| 7:10 | Spirit Lodge |
| 7:11 | Peon |
| 7:18 | Healing Salve |
| 7:30 | Troll Headhunter |
| 7:32 | Fortress |
| 7:54 | Troll Headhunter |
| 7:54 | Troll Headhunter |
| 7:57 | Thorium Ranged Weapons |
| 8:48 | Great Hall |
| 10:10 | Troll Headhunter |
| 10:10 | Troll Headhunter |
| 10:11 | Shaman Adept Training |
| 10:11 | Shaman |
| 10:11 | Shaman |
| 10:15 | War Stomp |
| 10:45 | Troll Headhunter |
| 10:47 | Berserker Upgrade |
| 10:48 | Troll Headhunter |
| 10:49 | Troll Headhunter |
| 11:09 | Orc Burrow |
| 11:18 | Shaman Master Training |
| 11:19 | Shaman |
| 11:19 | Shaman |
| 11:33 | Troll Berserker |
| 11:51 | Troll Berserker |
| 11:52 | Troll Berserker |
| 12:05 | Peon |
| 12:05 | Peon |
| 12:07 | Peon |
| 12:07 | Peon |
| 12:36 | Shaman |
| 13:05 | Shaman |
| 13:05 | Shaman |
| 13:08 | Troll Berserker |
| 13:08 | Troll Berserker |
| 13:08 | Troll Berserker |
| 13:09 | Troll Berserker |
| 13:14 | Arcanite Ranged Weapons |
| 14:05 | Shaman |
| 14:18 | Troll Regeneration |
| 14:18 | Troll Berserker |
| 14:19 | Troll Berserker |
| 14:20 | Shaman |
| 15:00 | Burning Oil |
| 15:02 | Demolisher |
| 15:02 | Demolisher |
| 15:04 | Shaman |
| 16:52 | Demolisher |
| 16:52 | Demolisher |
| 17:15 | Orc Burrow |
| 17:18 | Orc Burrow |
| 17:59 | Demolisher |
| 18:26 | Demolisher |
| 18:31 | Thorium Armor |
| 19:03 | Peon |
| 19:23 | Demolisher |
| 20:25 | Orc Burrow |
| 20:55 | Arcanite Armor |
| Right click | 191 |
| Select | 182 |
| Select group | 128 |
| Build/train/purchase | 82 |
| Assign group | 30 |
| Misc. action | 7 |
| Use ability | 4 |
| Remove unit | 4 |
| Item give/drop | 1 |
| Minimap ping | 1 |

| Wisp | 20 | 1200 | / | 0 |
| Archer | 13 | 1690 | / | 130 |
| Hippogryph | 12 | 1920 | / | 240 |
| Glaive Thrower | 11 | 2310 | / | 715 |
| total: | 56 | 7120g | / | 1085w |
| Ancient Protector | 4 | 540 | / | 320 |
| Altar of Elders | 1 | 180 | / | 50 |
| Moon Well | 7 | 1260 | / | 280 |
| Ancient of War | 2 | 300 | / | 120 |
| Hunter's Hall | 1 | 210 | / | 100 |
| Ancient of Wind | 2 | 300 | / | 280 |
| Tree of Ages | 1 | 320 | / | 180 |
| Tree of Eternity | 1 | 330 | / | 200 |
| total: | 17 | 2790g | / | 1150w |
| 0:04 | Wisp |
| 0:04 | Wisp |
| 0:18 | Altar of Elders |
| 0:26 | Moon Well |
| 0:39 | Ancient of War |
| 0:41 | Wisp |
| 0:41 | Wisp |
| 0:53 | Wisp |
| 1:04 | Wisp |
| 1:53 | Hunter's Hall |
| 2:03 | Moon Well |
| 2:04 | Wisp |
| 2:22 | Force of Nature |
| 2:48 | Wisp |
| 2:49 | Wisp |
| 2:51 | Archer |
| 3:02 | Ancient Protector |
| 3:10 | Archer |
| 3:24 | Ancient Protector |
| 3:26 | Wisp |
| 3:31 | Archer |
| 3:52 | Archer |
| 4:11 | Tree of Ages |
| 4:15 | Archer |
| 4:29 | Strength of the Moon |
| 4:43 | Archer |
| 4:49 | Moon Armor |
| 5:05 | Moon Well |
| 5:08 | Entangling Roots |
| 5:16 | Archer |
| 5:34 | Ancient Protector |
| 5:50 | Archer |
| 6:22 | Archer |
| 6:46 | Ancient of Wind |
| 6:50 | Ancient of Wind |
| 6:51 | Wisp |
| 6:52 | Wisp |
| 7:08 | Wisp |
| 7:12 | Moon Well |
| 7:40 | Improved Bows |
| 7:50 | Hippogryph |
| 7:53 | Hippogryph |
| 8:26 | Hippogryph |
| 8:34 | Improved Moon Armor |
| 9:38 | Hippogryph |
| 9:38 | Hippogryph |
| 9:38 | Hippogryph |
| 9:38 | Hippogryph |
| 10:31 | Hippogryph |
| 10:36 | Improved Strength of the Moon |
| 10:43 | Moon Well |
| 11:21 | Ancient Protector |
| 11:32 | Archer |
| 11:38 | Tree of Eternity |
| 11:43 | Hippogryph |
| 12:03 | Archer |
| 12:27 | Hippogryph |
| 13:08 | Moon Well |
| 13:10 | Archer |
| 13:21 | Force of Nature |
| 13:48 | Hippogryph |
| 14:00 | Advanced Strength of the Moon |
| 14:07 | Marksmanship |
| 15:10 | Hippogryph |
| 15:14 | Archer |
| 15:29 | Vorpal Blades |
| 15:30 | Glaive Thrower |
| 15:31 | Glaive Thrower |
| 15:31 | Glaive Thrower |
| 16:02 | Glaive Thrower |
| 17:05 | Glaive Thrower |
| 17:07 | Advanced Moon Armor |
| 18:24 | Glaive Thrower |
| 18:32 | Ancient of War |
| 19:26 | Ultravision |
| 19:34 | Moon Well |
| 19:37 | Glaive Thrower |
| 19:37 | Glaive Thrower |
| 19:37 | Glaive Thrower |
| 19:37 | Glaive Thrower |
| 19:41 | Glaive Thrower |
| 20:09 | Wisp |
| 20:09 | Wisp |
| 20:09 | Wisp |
| 20:09 | Wisp |
| 20:09 | Wisp |
| 20:10 | Wisp |
| 20:10 | Wisp |
| Right click | 392 |
| Select | 320 |
| Build/train/purchase | 85 |
| Use ability | 25 |
| Remove unit | 5 |

| Wisp | 24 | 1440 | / | 0 |
| Archer | 8 | 1040 | / | 80 |
| Huntress | 1 | 195 | / | 20 |
| Hippogryph | 4 | 640 | / | 80 |
| Chimaera | 3 | 990 | / | 210 |
| Dryad | 4 | 580 | / | 240 |
| total: | 44 | 4885g | / | 630w |
| Ancient Protector | 5 | 675 | / | 400 |
| Moon Well | 7 | 1260 | / | 280 |
| Altar of Elders | 1 | 180 | / | 50 |
| Ancient of War | 2 | 300 | / | 120 |
| Hunter's Hall | 2 | 420 | / | 200 |
| Tree of Life | 1 | 340 | / | 185 |
| Ancient of Wonders | 1 | 90 | / | 30 |
| Ancient of Wind | 2 | 300 | / | 280 |
| Ancient of Lore | 1 | 155 | / | 145 |
| Chimaera Roost | 2 | 280 | / | 380 |
| Tree of Ages | 1 | 320 | / | 180 |
| Tree of Eternity | 1 | 330 | / | 200 |
| total: | 24 | 4000g | / | 2070w |
| 0:06 | Wisp |
| 0:06 | Wisp |
| 0:06 | Wisp |
| 0:13 | Moon Well |
| 0:22 | Altar of Elders |
| 0:27 | Wisp |
| 0:47 | Ancient of War |
| 0:53 | Wisp |
| 1:31 | Wisp |
| 1:31 | Wisp |
| 1:39 | Moon Well |
| 1:50 | Wisp |
| 1:53 | Archer |
| 1:54 | Archer |
| 2:17 | Ancient of War |
| 2:28 | Fan of Knives |
| 2:36 | Archer |
| 2:38 | Wisp |
| 2:40 | Wisp |
| 3:04 | Archer |
| 3:13 | Archer |
| 3:22 | Wisp |
| 3:27 | Wisp |
| 3:32 | Moon Well |
| 3:59 | Hunter's Hall |
| 4:30 | Blink |
| 4:36 | Archer |
| 4:46 | Tree of Ages |
| 5:38 | Ancient Protector |
| 5:43 | Hunter's Hall |
| 5:44 | Huntress |
| 5:54 | Moon Well |
| 6:31 | Fan of Knives |
| 6:44 | Tree of Life |
| 7:12 | Wisp |
| 7:12 | Wisp |
| 7:13 | Wisp |
| 7:28 | Ancient of Wind |
| 7:31 | Moon Well |
| 7:41 | Archer |
| 7:50 | Strength of the Wild |
| 8:55 | Hippogryph |
| 8:55 | Hippogryph |
| 8:55 | Hippogryph |
| 9:01 | Ancient of Wind |
| 9:54 | Tree of Eternity |
| 10:11 | Wisp |
| 10:11 | Wisp |
| 10:12 | Wisp |
| 10:12 | Wisp |
| 10:20 | Archer |
| 11:15 | Moon Well |
| 11:19 | Hippogryph |
| 11:24 | Wisp |
| 11:25 | Wisp |
| 11:25 | Wisp |
| 12:15 | Ancient Protector |
| 12:18 | Ancient Protector |
| 12:47 | Shadow Strike |
| 13:19 | Chimaera Roost |
| 13:20 | Chimaera Roost |
| 13:24 | Wisp |
| 13:25 | Wisp |
| 13:29 | Ancient Protector |
| 13:31 | Ancient Protector |
| 14:53 | Chimaera |
| 14:56 | Corrosive Breath |
| 14:58 | Chimaera |
| 15:00 | Ancient of Lore |
| 15:04 | Moon Well |
| 16:09 | Improved Strength of the Wild |
| 16:10 | Strength of the Moon |
| 17:02 | Dryad |
| 17:04 | Dryad |
| 17:09 | Ancient of Wonders |
| 18:10 | Dryad |
| 18:10 | Dryad |
| 18:13 | Chimaera |
| Right click | 534 |
| Select group | 222 |
| Select | 186 |
| Chat | 84 |
| Build/train/purchase | 74 |
| Assign group | 15 |
| Use ability | 13 |
| Misc. action | 2 |
| Remove unit | 2 |
| Item give/drop | 1 |